 Dungeon Crawl Stone Soup version 0.26-a0-466-g989023bd0d (webtiles) character file.

Game seed: 2506714683002401095

545 Apogee the Vandal (level 7, -1/50 HPs)
             Began as a Halfling Warper on Aug 7, 2020.
             Killed from afar by a white imp (5 damage)
             ... with a puff of frost
             ... on level 5 of the Dungeon.
             The game lasted 00:07:20 (6320 turns).

Apogee the Vandal (Halfling Warper)                 Turns: 6320, Time: 00:07:20

Health: -1/50      AC:  6    Str: 14    XL:     7   Next: 53%
Magic:  9/9        EV: 13    Int: 11    God:
Gold:   302        SH:  0    Dex: 14    Spells: 7/9 levels left

rFire    . . .     SeeInvis .   b - +0 hunting sling
rCold    . . .     Faith    .   (shield restricted)
rNeg     . . .     Spirit   .   v - +0 ring mail
rPois    .         Reflect  .   (no helmet)
rElec    .         Harm     .   (no cloak)
rCorr    .                      l - +0 pair of gloves
MR       .....                  (no boots)
Stlth    +.........             (no amulet)
HPRegen  0.16/turn              (no ring)
MPRegen  0.11/turn              (no ring)

@: no status effects
A: small, mutation resistance 1
a: no special abilities


You were on level 5 of the Dungeon.
You visited 1 branch of the dungeon, and saw 5 of its levels.

You collected 302 gold pieces.

Inventory:

Hand Weapons
 a - a +0 short sword
 b - a +0 hunting sling (weapon)
   (You found it on level 1 of the Dungeon)
Missiles
 e - 5 boomerangs of dispersal {!f}
 i - 116 stones (quivered)
 w - 3 boomerangs
 B - 19 sling bullets
Armour
 k - a +0 chain mail
   (You found it on level 1 of the Dungeon)
 l - a +0 pair of gloves (worn)
   (You found it on level 1 of the Dungeon)
 m - a +0 leather armour
 s - a +0 pair of boots
   (You found it on level 3 of the Dungeon)
 v - a +0 ring mail (worn)
   (You took it off a kobold on level 3 of the Dungeon)
 A - a +0 buckler
   (You found it on level 4 of the Dungeon)
Jewellery
 f - an uncursed amulet of guardian spirit {unknown}
   (You found it on level 1 of the Dungeon)
 r - an uncursed ring of see invisible {unknown}
   (You found it on level 3 of the Dungeon)
 u - an uncursed ring of resist corrosion {unknown}
   (You found it on level 3 of the Dungeon)
Wands
 y - a wand of enslavement (6)
   (You found it on level 4 of the Dungeon)
Scrolls
 c - a scroll of fear {unknown}
 d - 2 scrolls of blinking
 g - 3 scrolls of remove curse {unknown}
 h - 4 scrolls of teleportation {unknown}
 j - 9 scrolls of identify {unknown}
 o - a scroll of random uselessness {unknown}
 q - a scroll of immolation {unknown}
 C - a scroll of amnesia {unknown}
Potions
 n - a potion of might {unknown}
 p - a potion of berserk rage {unknown}
 t - 2 potions of heal wounds {unknown}
 x - a potion of stabbing {unknown}
 z - a potion of resistance {unknown}


   Skills:
 + Level 5.1 Fighting
 - Level 2.4 Short Blades
 + Level 6.1(6.2) Slings
 - Level 1.0(2.8) Throwing
 - Level 1.1 Armour
 - Level 2.1 Dodging
 + Level 2.8 Shields
 - Level 1.5 Spellcasting
 - Level 3.2 Translocations


You had 7 spell levels left.
You knew the following spells:

 Your Spells              Type           Power        Failure   Level
b - Blink                 Tloc           N/A          24%         2

Your spell library contained the following spells:

 Spells                   Type           Power        Failure   Level
 Gell's Gravitas          Tloc           #.........   43%         3
 Lesser Beckoning         Tloc           #.........   43%         3
 Teleport Other           Tloc           #.......     43%         3
 Magic Dart               Conj           #...         54%         1
 Call Imp                 Summ           #.......     67%         2
 Slow                     Hex            #.......     67%         2
 Passage of Golubria      Tloc           N/A          85%         4
 Conjure Flame            Conj/Fire      #.......     88%         3
 Mephitic Cloud           Conj/Pois/Air  #.......     88%         3


Dungeon Overview and Level Annotations

Branches:
Dungeon (5/15)
 Temple: D:4-7

Altars:
Fedhas


Innate Abilities, Weirdness & Mutations

You are small and have problems with some larger weapons.
You are somewhat resistant to further mutation.


Message History

Aim: a white imp You shoot a stone.
The stone closely misses the white imp.
Firing (i - inventory. (/) - cycle)
i - 122 stones (quivered)
Aim: a white imp You shoot a stone.
The stone hits the white imp but does no damage.
The white imp shouts, "Return whence thou came, thou qualling folly-fallen yak-dropping!"
Firing (i - inventory. (/) - cycle)
i - 121 stones (quivered)
Aim: a white imp You shoot a stone.
The stone hits the white imp but does no damage.
Firing (i - inventory. (/) - cycle)
i - 120 stones (quivered)
Aim: a white imp You shoot a stone.
The stone barely misses the white imp.
Firing (i - inventory. (/) - cycle)
i - 119 stones (quivered)
Aim: a white imp You shoot a stone.
The stone hits the white imp.
The white imp picks up a beetle and eats it.
Firing (i - inventory. (/) - cycle)
i - 118 stones (quivered)
Aim: a white imp (lightly wounded)
You shoot a stone. The stone hits the white imp.
The white imp closely misses you.
a - a +0 short sword (weapon)
The white imp misses you.
You hit the white imp. The white imp misses you.
You hit the white imp but do no damage.
The white imp hits you but does no damage.
You hit the white imp. The white imp gestures at you.
The puff of frost hits you!
* * * LOW HITPOINT WARNING * * *
You are too injured to fight recklessly!
You are too injured to fight recklessly!
You are too injured to fight recklessly!
You hit the white imp but do no damage. The white imp gestures at you.
The puff of frost hits you!
* * * LOW HITPOINT WARNING * * *
You hit the white imp but do no damage. The white imp gestures at you.
The puff of frost hits you!
* * * LOW HITPOINT WARNING * * *
b - a +0 hunting sling (weapon)
Firing (i - inventory. (/) - cycle)
i - 117 stones (quivered)
Aim: a white imp (almost dead)
You shoot a stone.
The stone completely misses the white imp.
The white imp gestures at you. The puff of frost hits you.
You die...

..#. .. ... oo
#+#.. .#
#....#.##
#....... ......
###(##(.#####
(...(...((5@#
###.##...##.#
#......##.#
####...##.#
.....##.#
#...#.##.#
#...#.##.######
#...#.##)).)..#
#...#.#######.#


You could see a white imp.

Vanquished Creatures
  An ogre (D:4)
  2 scorpions
  A centaur skeleton (D:4)
  4 orc wizards
  2 worker ants
  7 adders
  An ooze (D:3)
  A worm (D:4)
  A dart slug (D:1)
  3 leopard geckos
  11 orcs
  A ball python (D:4)
  12 bats
  6 giant cockroaches
  8 goblins
  12 hobgoblins
  2 jackals (D:3)
  8 kobolds
  A quokka (D:2)
  5 frilled lizards
  7 rats
96 creatures vanquished.

Vanquished Creatures (others)
  An orc (D:4)
1 creature vanquished.

Grand Total: 97 creatures vanquished

Notes
Turn   | Place    | Note
-------+----------+-------------------------------------------
     0 | D:1      | Apogee the Halfling Warper began the quest for the Orb.
     0 | D:1      | Reached XP level 1. HP: 14/14 MP: 3/3
   243 | D:1      | Reached XP level 2. HP: 20/20 MP: 4/4
   686 | D:1      | Reached XP level 3. HP: 26/26 MP: 5/5
  1239 | D:1      | Reached skill level 1 in Slings
  1578 | D:2      | Reached XP level 4. HP: 27/31 MP: 6/6
  1582 | D:2      | Reached skill level 2 in Slings
  2335 | D:2      | Learned a level 2 spell: Blink
  2529 | D:2      | Reached XP level 5. HP: 29/37 MP: 7/7
  2778 | D:3      | Reached skill level 3 in Slings
  2787 | D:3      | Found a faded altar of an unknown god.
  3125 | D:3      | Found a blossoming altar of Fedhas.
  3380 | D:3      | Reached skill level 4 in Slings
  3899 | D:4      | Reached XP level 6. HP: 25/44 MP: 8/8
  4475 | D:4      | Reached skill level 1 in Shields
  4912 | D:4      | Reached skill level 5 in Slings
  5057 | D:4      | Noticed an ogre
  5109 | D:4      | Killed an ogre
  5109 | D:4      | Reached XP level 7. HP: 12/49 MP: 9/9
  5600 | D:5      | Entered Level 5 of the Dungeon
  6070 | D:5      | Reached skill level 5 in Fighting
  6083 | D:5      | Reached skill level 6 in Slings
  6320 | D:5      | Killed from afar by a white imp

Illustrated notes

Levels and vault maps discovered:
D:1:      dpeg_arrival_water_fire, layout_basic, minivault_19,
          dk_noncrumbling_4, minmay_ruptured
D:2:      layout_loops_ring
D:3:      layout_basic, fedhas_altar_2, chequers_ecumenical_altar_island
D:4:      layout_basic
D:5:      minmay_opposing_rooms, layout_basic, serial_shops, kennysheep_mini,
          minmay_ruined_shrine, uniq_duvessa, uniq_grinder, uniq_blork_the_orc

Skill      XL: |  1  2  3  4  5  6  7 |
---------------+----------------------+-----
Fighting       | 2 3 4 5 |  5.1
Slings         | 1 2 4 5 6 |  6.1
Shields        | 2 |  2.8
Short Blades   | |  2.4
Throwing       | |  1.0
Armour         | |  1.1
Dodging        | |  2.1
Spellcasting   | |  1.5
Translocations | |  3.2

Action                   |  1- 3 |  4- 6 |  7- 9 || total
-------------------------+-------+-------+-------++-------
Melee: Short sword       |   134 |   259 |    40 ||   433
 Fire: Hunting sling     |       |    44 |    46 ||    90
 Cast: Blink             |       |       |     1 ||     1
Evoke: Wand              |       |     2 |       ||     2
Armor: Leather armour    |    35 |    29 |       ||    64
       Ring mail         |       |    29 |    12 ||    41
Dodge: Dodged            |   115 |   165 |    41 ||   321

Table legend: (Time is in decaauts)
 A = Elapsed time spent in this place.
 B = Non-inter-level travel time spent in this place.
 C = Inter-level travel time spent in this place.
 D = Time resting spent in this place.
 E = Time spent auto-exploring this place.
 F = Levels seen in this place.
 G = Mean time per level.
                   A        B        C        D        E       F      G
               +--------+--------+--------+--------+--------+-----+--------+
         Total |   6297 |   6117 |    180 |    978 |   4053 |   5 | 1259.4 |
       Dungeon |   6297 |   6117 |    180 |    978 |   4053 |   5 | 1259.4 |
               +--------+--------+--------+--------+--------+-----+--------+

Top non-repeatable levels by time:
     D:4: 2092 daAuts
     D:2: 1395 daAuts
     D:1: 1344 daAuts
     D:3: 1064 daAuts
     D:5: 400 daAuts
